 Dungeon Crawl Stone Soup version 0.27.1-34-g3ba077fa99 (webtiles) character file.

Game seed: 4906155771482911535

295 pkoi the Insei (level 6, 0/52 HPs)
             Began as a Draconian Monk on Jan 13, 2022.
             Slain by Menkaure (17 damage)
             ... on level 5 of the Dungeon.
             The game lasted 00:04:20 (3464 turns).

pkoi the Insei (Draconian Monk)                     Turns: 3464, Time: 00:04:20

Health: 0/52       AC:  9    Str: 13    XL:     6   Next: 11%
Magic:  6/6        EV: 12    Int: 13    God:
Gold:   212        SH:  0    Dex: 13    Spells: 5/5 levels left

rFire    . . .     SeeInvis .   d - +4 dagger (flame)
rCold    . . .     Faith    .   (no shield)
rNeg     . . .     Spirit   .   (armour unavailable)
rPois    .         Reflect  .   (helmet restricted)
rElec    .         Harm     .   c - +0 cloak
rCorr    .         Rampage  .   h - +1 pair of gloves
Will     .....                  (no boots)
Stlth    ++........             (no amulet)
HPRegen  0.17/turn              (no ring)
MPRegen  0.10/turn              (no ring)

@: weak-willed
A: AC +6, unfitting armour, cold-blooded
a: no special abilities


You were on level 5 of the Dungeon.
You visited 1 branch of the dungeon, and saw 5 of its levels.

You collected 212 gold pieces.

Inventory:

Hand Weapons
 d - a +4 dagger of flaming (weapon)
Missiles
 k - a throwing net (quivered)
Armour
 c - a +0 cloak (worn)
 h - a +1 pair of gloves (worn)
Wands
 j - a wand of iceblast (9)
 m - a wand of flame (20)
 o - a wand of mindburst (15)
Scrolls
 b - a scroll of identify
 e - a scroll of vulnerability
Potions
 q - a potion of lignification
 r - a potion of curing


   Skills:
 - Level 4.0 Fighting
 - Level 3.0 Dodging
 - Level 1.7 Stealth
 + Level 6.4 Unarmed Combat


You had 5 spell levels left.
You didn't know any spells.
Your spell library was empty.

Dungeon Overview and Level Annotations

Branches:
Dungeon (5/15)
 Temple: D:4-7

Altars:
Elyvilon

Annotations:
D:2 Sigmund
D:3 1 runed translucent door, Crazy Yiuf
D:5 Menkaure


Innate Abilities, Weirdness & Mutations

Your plain brown scales are hard. (AC +6)
You cannot fit into any form of body armour.
You are cold-blooded and may be slowed by cold attacks.


Message History

Menkaure gestures at you while chanting.
Pain shoots through your body!
Menkaure is nearby!
Menkaure is nearby!
Menkaure is nearby!
Unknown command.
Your +4 dagger of flaming bursts into flame!
d - a +4 dagger of flaming (weapon)
You start resting.
Menkaure is nearby!
You hit Menkaure. You burn Menkaure.
Menkaure is moderately damaged.
Menkaure calls on the powers of darkness!
Your body is wracked with pain!
* * * LOW HITPOINT WARNING * * *
You barely miss Menkaure. You punch Menkaure.
Menkaure is moderately damaged.
Menkaure hits you!!
* * * LOW HITPOINT WARNING * * *
You hit Menkaure but do no damage.
You tail-slap Menkaure, but do no damage.
Menkaure is moderately damaged.
Menkaure hits you but does no damage.
You hit Menkaure but do no damage.
Menkaure is moderately damaged.
Unknown command.
You feel much better. Menkaure hits you but does no damage.
You hit Menkaure but do no damage.
Menkaure is moderately damaged.
Menkaure closely misses you.
You hit Menkaure. You burn Menkaure.
Menkaure is heavily damaged.
Menkaure calls on the powers of darkness!
Your body is wracked with pain!
* * * LOW HITPOINT WARNING * * *
You hit Menkaure but do no damage.
You tail-slap Menkaure, but do no damage.
Menkaure is heavily damaged.
Menkaure hits you!
You die...

##### ###########...#
#.............##########
#.............'.........
#.............#.@M##..
#.)...........#.#^......
#.............#.#..#....
#.............#.#..# ###
#..........####.#..#
#..........# #.#.##
#..........# #.#..
#........... ..#.# ..#


You could see Menkaure.

Vanquished Creatures
  A phantom (D:5)
  A bullfrog zombie (D:4)
  A scorpion zombie (D:5)
  Terence (D:2)
  A hound skeleton (D:4)
  3 gnolls
  3 adders (D:3)
  A worm (D:2)
  2 dart slugs
  7 endoplasms
  5 giant cockroaches
  11 goblins
  4 hobgoblins
  2 ball pythons (D:1)
  4 bats
  3 frilled lizards
  10 kobolds
  A rat (D:3)
61 creatures vanquished.

Vanquished Creatures (others)
  11 toadstools (D:5)
  A withered plant (D:2)
12 creatures vanquished.

Grand Total: 73 creatures vanquished

Notes
Turn   | Place    | Note
-------+----------+-------------------------------------------
     0 | D:1      | pkoi the Draconian Monk began the quest for the Orb.
     0 | D:1      | Reached XP level 1. HP: 19/19 MP: 1/1
   164 | D:1      | Reached XP level 2. HP: 25/26 MP: 2/2
   510 | D:1      | Reached skill level 4 in Unarmed Combat
   711 | D:2      | Reached XP level 3. HP: 29/31 MP: 3/3
   712 | D:2      | Noticed Sigmund
   882 | D:2      | Noticed Terence
   901 | D:2      | Killed Terence
  1321 | D:3      | Reached skill level 5 in Unarmed Combat
  1321 | D:3      | Reached XP level 4. HP: 31/38 MP: 4/4
  1919 | D:3      | Found a runed translucent door.
  1920 | D:3      | Noticed Crazy Yiuf
  2195 | D:4      | Reached XP level 5. HP: 19/45 MP: 5/5
  2807 | D:4      | Found a white marble altar of Elyvilon.
  3108 | D:5      | Entered Level 5 of the Dungeon
  3126 | D:5      | Reached skill level 6 in Unarmed Combat
  3185 | D:5      | Noticed a phantom
  3207 | D:5      | Killed a phantom
  3208 | D:5      | Reached XP level 6. HP: 32/52 MP: 6/6
  3449 | D:5      | Noticed Menkaure
  3464 | D:5      | Slain by Menkaure

Illustrated notes

Levels and vault maps discovered:
D:1:      nzn_arrival_water_spiral, layout_loops_ring
D:2:      layout_rooms, shapermc_ecumenical_altar_flowoftime, uniq_terence,
          uniq_sigmund
D:3:      layout_loops_ring, uniq_crazy_yiuf_cottage
D:4:      kennysheep_the_goblin_king, layout_rooms, elyvilon_altar_5
D:5:      cheibrodos_fertilizer, layout_basic, minitemple,
          minmay_temple_entry_offerings, uniq_menkaure, uniq_eustachio,
          uniq_duvessa

Skill      XL: |  1  2  3  4  5 |
---------------+----------------+-----
Unarmed Combat | 4 5 6 |  6.4
Dodging        | 3 |  3.0
Fighting       | 4 |  4.0
Stealth        | |  1.7

Action                   |  1- 3 |  4- 6 || total
-------------------------+-------+-------++-------
Melee: Unarmed           |   112 |   144 ||   256
       Tailslap          |    20 |    22 ||    42
       Punch             |     2 |     5 ||     7
       Dagger            |       |     7 ||     7
  Use: Potion            |     3 |     1 ||     4
       Scroll            |       |     8 ||     8
 Stab: Sleeping          |     5 |       ||     5
Armor: Skin              |    28 |    53 ||    81
Dodge: Dodged            |    53 |    84 ||   137
